 Dungeon Crawl Stone Soup version 0.31-a0-986-g5e6e4ef867 (webtiles) character file.

Game seed: 10011028033094589365

117 GloriousHammer the Firebug (level 5, 0/28 HPs)
             Began as a Tengu Fire Elementalist on Nov 9, 2023.
             Slain by a river rat (3 damage)
             ... in a sewer on Nov 10, 2023.
             The game lasted 00:04:21 (2161 turns).

GloriousHammer the Firebug (TeFE)                   Turns: 2161, Time: 00:04:21

Health: 0/28       AC:  2    Str:  8    XL:     5   Next: 1%
Magic:  10/10      EV: 12    Int: 18    God:
Gold:   101        SH:  0    Dex: 14    Spells: 7/10 levels left

rFire   . . .        d - +0 short sword
rCold   . . .        (no shield)
rNeg    . . .        a - +0 robe
rPois   .            (helmet restricted)
rElec   .            (no cloak)
rCorr   .            (no gloves)
SInv    .            (boots unavailable)
Will    .....        (no amulet)
Stlth   ++           (no ring)
HPRegen 0.24/turn    (no ring)
MPRegen 0.12/turn

%: acrobat
@: no status effects
A: beak, talons 3, acrobatic
a: no special abilities


You were in a sewer.
You visited 1 branch of the dungeon, and saw 3 of its levels.
You also visited: Sewer.

You collected 101 gold pieces.

Inventory:

Hand Weapons
 d - a +0 short sword (weapon)
Armour
 a - a +0 robe (worn)
Jewellery
 P - a ring of poison resistance
Scrolls
 c - 3 scrolls of identify {unknown}
 e - a scroll of fear {unknown}
 f - a scroll of acquirement {unknown}
 g - a scroll of brand weapon {unknown}
Potions
 h - a potion of mutation {unknown}


   Skills:
 - Level 2.1 Dodging
 - Level 2.0 Stealth
 + Level 3.1 Spellcasting
 + Level 3.5 Conjurations
 + Level 4.4 Fire Magic


You had 7 spell levels left.
You knew the following spells:

 Your Spells              Type           Power      Damage    Failure   Level
a - Foxfire               Conj/Fire      68%        2x1d7     3%          1
b - Scorch                Fire           36%        2d6       4%          2

Your spell library contained the following spells:

 Spells                   Type           Power      Damage    Failure   Level
 Slow                     Hex            8%         N/A       16%         1
 Inner Flame              Hex/Fire       10%        N/A       21%         3
 Volatile Blastmotes      Fire/Tloc      20%        2d11      21%         3
 Flame Wave               Conj/Fire      17%        2d7       30%         4
 Confusing Touch          Hex            2%         N/A       43%         3
 Sigil of Binding         Hex            2%         N/A       43%         3
 Vampiric Draining        Necr           2%         2d6       43%         3


Dungeon Overview and Level Annotations

Branches:
Dungeon (3/15)              Sewer (1/1)

Altars:


Innate Abilities, Weirdness & Mutations

You have a beak for a mouth.
You have claws for feet.
You can magically evade attacks while moving or waiting.


Message History

You kill the rat!
You hear the slow rusting of a drain.
There is a glowing drain here.
The world spins around you as you enter the gateway.
You enter a sewer!
Found a gate leading back out of this place.
There is an empty arch of ancient stone here.
Casting: Scorch (safe; 4% risk of failure)
Confirm with . or Enter, or press ? or * to list all spells.
You conjure some foxfire!
The foxfire hits the river rat but does no damage.
The foxfire hits the river rat.
The river rat is lightly wounded.
Casting: Foxfire (safe; 3% risk of failure)
Confirm with . or Enter, or press ? or * to list all spells.
Flames lash the rat.
You kill the rat!
A river rat comes into view.
You hit the river rat. Your kick misses the river rat.
You peck the river rat, but do no damage.
The river rat is moderately wounded.
A river rat comes into view.
The river rat barely misses you.
You closely miss the river rat. Your kick misses the river rat.
You peck the river rat, but do no damage.
The river rat is moderately wounded.
You hit the river rat but do no damage. Your kick misses the river rat.
The river rat is moderately wounded.
A rat comes into view.
The river rat bites you but does no damage.
Casting: Scorch (safe; 4% risk of failure)
Confirm with . or Enter, or press ? or * to list all spells.
You don't have enough magic to cast this spell.
You barely miss the river rat. You claw the river rat.
The river rat is almost dead.
The river rat barely misses you.
The river rat bites you but does no damage.
You closely miss the river rat.
The river rat is almost dead.
The river rat bites you. x2
Unknown command.
Casting: Scorch (safe; 4% risk of failure)
Confirm with . or Enter, or press ? or * to list all spells.
You conjure some foxfire!
The river rat closely misses you. The river rat bites you.
You barely miss the river rat.
You claw the river rat, but do no damage.
The river rat is almost dead.
The foxfire hits the river rat.
You kill the river rat!
The foxfire hits the river rat but does no damage.
The river rat is engulfed in a cloud of scalding steam.
You kill the river rat!
You have reached level 5!
A frilled lizard comes into view.
You closely miss the river rat. The rat barely misses you.
The river rat barely misses you.
You hit the rat.
You kill the rat!
The river rat misses you.
You hit the river rat but do no damage.
You claw the river rat, but do no damage.
The river rat completely misses you.
Casting: Foxfire (safe; 3% risk of failure)
Confirm with . or Enter, or press ? or * to list all spells.
You conjure some foxfire!
The river rat bites you.
You hit the river rat but do no damage. Your peck misses the river rat.
The foxfire hits the river rat.
The river rat is lightly wounded.
The foxfire hits the river rat but does no damage.
The river rat is lightly wounded.
The river rat barely misses you.
You closely miss the river rat.
The river rat is lightly wounded.
The river rat misses you.
You closely miss the river rat. Your peck misses the river rat.
You punch the river rat, but do no damage.
The river rat is lightly wounded.
The river rat closely misses you.
You hit the river rat but do no damage. Your kick misses the river rat.
The river rat is lightly wounded.
The river rat bites you!
Casting: Foxfire (safe; 3% risk of failure)
Confirm with . or Enter, or press ? or * to list all spells.
You conjure some foxfire!
The river rat bites you but does no damage.
You hit the river rat but do no damage. Your peck misses the river rat.
The river rat is lightly wounded.
The foxfire hits the river rat but does no damage.
The river rat is lightly wounded.
The foxfire hits the river rat but does no damage.
The river rat is lightly wounded.
The river rat bites you!
* * * LOW HITPOINT WARNING * * *
You closely miss the river rat. Your kick misses the river rat.
The river rat is lightly wounded.
The river rat bites you.
* * * LOW HITPOINT WARNING * * *
Magic courses through your body. The river rat bites you.
You die...

## .# .##
#.#
#######†###
~~~.~~.r@∩#
l.~~~~...∩#
###########


You could see a river rat.

Vanquished Creatures
  A jelly (D:3)
  3 adders
  2 river rats (Sewer)
  5 ball pythons
  4 giant cockroaches
  2 goblins (D:2)
  5 hobgoblins
  4 kobolds
  2 quokkas
  5 bats
  3 frilled lizards
  5 rats
41 creatures vanquished.

Vanquished Creatures (others)
  32 foxfires
32 creatures vanquished.

Grand Total: 73 creatures vanquished

Notes
Turn   | Place    | Note
-------+----------+-------------------------------------------
     0 | D:1      | GloriousHammer the Tengu Fire Elementalist began the quest
                  | for the Orb.
     0 | D:1      | Reached XP level 1. HP: 10/10 MP: 4/4
   738 | D:2      | Reached XP level 2. HP: 15/15 MP: 4/6
   772 | D:2      | Learned a level 2 spell: Scorch
   862 | D:2      | Reached XP level 3. HP: 19/19 MP: 2/7
  1976 | D:3      | Reached skill level 4 in Fire Magic
  2018 | D:3      | Reached XP level 4. HP: 24/24 MP: 4/9
  2127 | D:3      | Found a glowing drain.
  2134 | Sewer    | Entered a sewer
  2146 | Sewer    | Reached XP level 5. HP: 19/28 MP: 0/10
  2161 | Sewer    | Slain by a river rat

Illustrated notes

Levels and vault maps discovered:
D:1:      ncdulo_smallfort, layout_basic, minmay_misc_feat_square,
          nicolae_houndstooth_variations
D:2:      layout_basic
D:3:      layout_basic, ebering_ecumenical_altar_webs, gup_sewer_entry_spiral,
          kennysheep_donut, minmay_misc_feat_iff, grunt_ministairs_6,
          hangedman_decor_push, uniq_terence
Sewer:    sewer_co_cracked_pipes

Skill      XL: |  1  2  3  4 |
---------------+-------------+-----
Conjurations   | 2 3 |  3.5
Fire Magic     | 4 |  4.4
Spellcasting   | 3 |  3.1
Dodging        | |  2.1
Stealth        | |  2.0

Action                     |  1- 3 |  4- 6 || total
---------------------------+-------+-------++-------
  Melee: Unarmed           |     2 |       ||     2
         Kick              |     1 |     3 ||     4
         Short sword       |     1 |    22 ||    23
         Peck              |       |     2 ||     2
         Punch             |       |     1 ||     1
   Cast: Foxfire           |    24 |     4 ||    28
         Scorch            |    19 |     8 ||    27
    Use: Potion            |       |     1 ||     1
 Armour: Robe              |     9 |    14 ||    23
  Dodge: Dodged            |    34 |    17 ||    51

Table legend: (Time is in decaauts)
 A = Elapsed time spent in this place.
 B = Non-inter-level travel time spent in this place.
 C = Inter-level travel time spent in this place.
 D = Time resting spent in this place.
 E = Time spent auto-exploring this place.
 F = Levels seen in this place.
 G = Mean time per level.
                   A        B        C        D        E       F      G
               +--------+--------+--------+--------+--------+-----+--------+
         Total |   2181 |   2109 |     72 |     20 |   1630 |   4 |  545.2 |
       Dungeon |   2154 |   2082 |     72 |     20 |   1630 |   3 |  718.0 |
         Sewer |     26 |     26 |      0 |      0 |      0 |   1 |   26.0 |
               +--------+--------+--------+--------+--------+-----+--------+

Top non-repeatable levels by time:
     D:2: 1211 daAuts
     D:1: 732 daAuts
     D:3: 210 daAuts
   Sewer: 26 daAuts
